 Dungeon Crawl Stone Soup version 0.20-a0-3-g334f831 (webtiles) character file.

46 varam the Insei (level 3, -4/29 HPs)
             Began as a Demonspawn Monk on Oct 30, 2016.
             Slain by a hobgoblin (6 damage)
             ... led by Robin
             ... on level 2 of the Dungeon.
             The game lasted 00:03:46 (1151 turns).

varam the Insei (Demonspawn Monk)                   Turns: 1151, Time: 00:03:46

Health: -4/29      AC:  3    Str: 11    XL:     3   Next: 44%
Magic:  3/3        EV: 13    Int: 11    God:
Gold:   60         SH:  0    Dex: 16    Spells: 0 memorised, 2 levels left

rFire  . . .     SeeInvis .       - Unarmed
rCold  . . .     Gourm    .     a - +0 robe
rNeg   . . .     Faith    .     (no shield)
rPois  .         Spirit   .     (no helmet)
rElec  .         Reflect  .     (no cloak)
rCorr  .         Harm     .     l - +0 pair of gloves
MR     .....                    (no boots)
Stlth  +++.......               (no amulet)
                                (no ring)
                                (no ring)

@: no status effects
A: hooves 1, nightstalker 1
a: no special abilities


You were on level 2 of the Dungeon.
You were hungry.

You visited 1 branch of the dungeon, and saw 2 of its levels.

You collected 60 gold pieces.

Inventory:

Missiles
 e - a throwing net (quivered)
Armour
 a - a +0 robe (worn)
 l - a +0 pair of gloves (worn)
Scrolls
 c - 2 scrolls of identify {unknown}
 h - 2 scrolls of fog {unknown}
 j - 2 scrolls of noise {unknown}
 k - a scroll of amnesia {unknown}
Potions
 d - a potion of brilliance {unknown}
 f - a potion of lignification {unknown}
 g - a potion of curing {unknown}
 i - a potion of agility {unknown}
Comestibles
 b - a bread ration
 m - 2 chunks of flesh


   Skills:
 - Level 3.0 Fighting
 - Level 2.6 Dodging
 - Level 1.7 Stealth
 + Level 4.1 Unarmed Combat


You had 2 spell levels left.
You didn't know any spells.

Dungeon Overview and Level Annotations

Branches:
Dungeon (2/15)

Altars:
Gozag

Annotations:
D:2 Robin


Innate Abilities, Weirdness & Mutations

You have large cloven feet.
You are slightly more attuned to the shadows.


Message History

The goblin hits you but does no damage. The goblin closely misses you.
You hit Robin. Your kick misses Robin.
Robin is heavily wounded.
The goblin closely misses you. The goblin completely misses you.
The goblin closely misses you. The hobgoblin closely misses you.
The goblin barely misses you.
You closely miss Robin.
Robin is heavily wounded.
The goblin barely misses you. The goblin hits you with a dagger.
* * * LOW HITPOINT WARNING * * *
The hobgoblin barely misses you. The goblin closely misses you.
You hit Robin but do no damage. You kick Robin, but do no damage.
Robin is heavily wounded.
The goblin closely misses you. Robin hits you but does no damage.
The goblin hits you.
* * * LOW HITPOINT WARNING * * *
The goblin hits you with a dagger.
* * * LOW HITPOINT WARNING * * *
The hobgoblin hits you.
You die...

....##.####.....#
........####....#
#..###...# #....#
#.. #.#.# #.####
#..###.#..##)#
#..#.)†##..#.###
#...### #.#...#
#..##.g#####.....#
#...gg@g........#
#....ggg........#
.................#
..................#
##................#
#................#
#.............g.##
#.............##
........##


You could see Robin, a hobgoblin and 5 goblins.

Vanquished Creatures
  A gnoll (D:1)
  A dart slug (D:1)
  4 bats (D:1)
  A giant cockroach (D:1)
  5 goblins
  10 hobgoblins
  A frilled lizard (D:2)
  4 kobolds
  3 rats (D:1)
30 creatures vanquished.

Notes
Turn   | Place    | Note
-------+----------+-------------------------------------------
     0 | D:1      | varam the Demonspawn Monk began the quest for the Orb.
     0 | D:1      | Reached XP level 1. HP: 18/18 MP: 1/1
    46 | D:1      | Reached skill level 3 in Unarmed Combat
   166 | D:1      | Gained mutation: You are slightly more attuned to the shadows. [demonic ancestry]
   166 | D:1      | Reached XP level 2. HP: 19/24 MP: 2/2
   603 | D:1      | Gained mutation: You have large cloven feet. [demonic ancestry]
   603 | D:1      | Reached XP level 3. HP: 24/29 MP: 3/3
   891 | D:2      | Found an opulent altar of Gozag.
  1064 | D:2      | Noticed Robin
  1078 | D:2      | Reached skill level 4 in Unarmed Combat
  1151 | D:2      | HP: 2/29 [goblin/dagger[Robin] (1)]
  1151 | D:2      | Slain by a hobgoblin

Vault maps used:
D:1:      dpeg_arrival_lava_altar, grunt_decor_resistance, minmay_misc_feat_x
D:2:      nicolae_gozag_cash_rules_everything_around_me, minmay_small_reverse_x,
          uniq_robin

Skill      XL: |  1  2  3 |
---------------+----------+-----
Unarmed Combat | 3 4 |  4.1
Fighting       | |  3.0
Dodging        | |  2.6
Stealth        | |  1.7

Action                   || total
-------------------------++-------
Melee: Unarmed           ||    92
       Kick              ||     7
       Punch             ||     1
 Stab: Sleeping          ||     8
Armor: Robe              ||    12
Dodge: Dodged            ||    68
